 Dungeon Crawl Stone Soup version 0.23.2-40-g277498a001 (webtiles) character file.

Game seed: 15976495513618343677

40 Folks the Chiller (level 3, 0/26 HPs)
             Began as a Human Ice Elementalist on Aug 22, 2019.
             Shot with a stone by a goblin (4 damage)
             ... led by Robin
             ... on level 2 of the Dungeon.
             The game lasted 00:04:14 (1336 turns).

Folks the Chiller (Human Ice Elementalist)          Turns: 1336, Time: 00:04:14

Health: 0/26       AC:  2    Str:  8    XL:     3   Next: 72%
Magic:  1/7        EV: 12    Int: 16    God:
Gold:   95         SH:  0    Dex: 13    Spells: 1/7 levels left

rFire    . . .     SeeInvis .   g - +0 short sword
rCold    . . .     Gourm    .   (no shield)
rNeg     . . .     Faith    .   a - +0 robe
rPois    .         Spirit   .   (no helmet)
rElec    .         Reflect  .   (no cloak)
rCorr    .         Harm     .   (no gloves)
MR       .....                  (no boots)
Stlth    ++........             (no amulet)
HPRegen  0.08/turn              (no ring)
MPRegen  0.10/turn              (no ring)

@: very slightly contaminated
A: no striking features
a: no special abilities


You were on level 2 of the Dungeon.
You were not hungry.

You visited 1 branch of the dungeon, and saw 2 of its levels.

You collected 95 gold pieces.

Inventory:

Hand Weapons
 b - a +0 mace
 f - a +0 dagger of holy wrath
 g - a +0 short sword (weapon)
Armour
 a - a +0 robe (worn)
 k - a +0 shield
Jewellery
 d - a +3 ring of dexterity {unknown}
Scrolls
 e - 2 scrolls of immolation {unknown}
 i - a scroll of teleportation {unknown}
Potions
 j - a potion of mutation {unknown}
Comestibles
 c - 2 rations
 h - 2 chunks of flesh


   Skills:
 - Level 1.1 Fighting
 - Level 2.0 Dodging
 - Level 2.0 Stealth
 * Level 2.9 Spellcasting
 - Level 1.0 Conjurations
 + Level 3.4 Ice Magic


You had one spell level left.
You knew the following spells:

 Your Spells              Type           Power        Failure   Level  Hunger
a - Freeze                Ice            ##..         4%          1    #......
b - Throw Frost           Conj/Ice       #.....       12%         2    ##.....
c - Ozocubu's Armour      Chrm/Ice       #.......     28%         3    ###....

Your spell library contained the following spells:

 Spells                   Type           Power        Failure   Level  Hunger
 Throw Icicle             Conj/Ice       #.......     58%         4    #####..
 Summon Ice Beast         Ice/Summ       #.......     67%         4    #####..


Dungeon Overview and Level Annotations

Branches:
Dungeon (2/15)

Altars:

Annotations:
D:2 Robin


Message History

The slug dart hits you.
Casting: Throw Frost (safe; 12% risk of failure)
Confirm with . or Enter, or press ? or * to list all spells.
Aiming: Throw Frost (safe; 12% risk of failure)
Press: ? - help, Shift-Dir - straight line, f/p - goblin
Aim: a goblin, wielding a +0 hunting sling (unusually strong)
The puff of frost misses the goblin.
The puff of frost hits Robin.
Robin is moderately wounded.
The goblin shoots a stone.
The stone hits you.
The goblin shoots a stone.
The stone hits you.
You see here a stone.
Robin throws the goblin at you!
A goblin comes into view.
The dart slug launches a dart at you. The slug dart misses you.
You see here a stone.
The goblin hits you with a +0 club.
* * * LOW HITPOINT WARNING * * *
The goblin shoots a stone.
The stone hits you.
You die...

..........# .......
.........# ......
.........## #....#
...)).....#######....#
....###.........#....# ....#
#.........#....#
#######.##...........#
......รท.#.........(..###'#.
#...............@(((..ggg..
#................g.....w...
#..........###.............
#.......#### #.............
#.....)## #.......###+##
#......### #########
#.##.....# #<######.# #.#
#.#


You could see a dart slug and 3 goblins.

Vanquished Creatures
  2 adders (D:2)
  An ooze (D:1)
  A giant cockroach (D:1)
  5 goblins
  A hobgoblin (D:1)
  3 jackals (D:1)
  4 kobolds (D:1)
  A bat (D:1)
  A frilled lizard (D:1)
  A rat (D:1)
20 creatures vanquished.

Notes
Turn   | Place    | Note
-------+----------+-------------------------------------------
     0 | D:1      | Folks the Human Ice Elementalist began the quest for the
                  | Orb.
     0 | D:1      | Reached XP level 1. HP: 13/13 MP: 3/3
   234 | D:1      | Reached XP level 2. HP: 11/20 MP: 1/5
   502 | D:1      | Learned a level 2 spell: Throw Frost
  1087 | D:2      | Reached skill level 1 in Fighting
  1087 | D:2      | Reached XP level 3. HP: 20/26 MP: 0/7
  1194 | D:2      | Learned a level 3 spell: Ozocubu's Armour
  1330 | D:2      | Noticed Robin
  1336 | D:2      | Shot with a stone by a goblin

Skill      XL: |  1  2 |
---------------+-------+-----
Fighting       | 1 |  1.1
Dodging        | |  2.0
Stealth        | |  2.0
Spellcasting   | |  2.9
Conjurations   | |  1.0
Ice Magic      | |  3.4

Action                   || total
-------------------------++-------
Melee: Dagger            ||    21
       Mace              ||     4
       Short sword       ||    30
 Cast: Freeze            ||    18
       Throw Frost       ||     4
 Stab: Sleeping          ||     1
  Eat: Chunk             ||     2
Armor: Robe              ||    11
Dodge: Dodged            ||    52
